 Dungeon Crawl Stone Soup version 0.21.1-1-g345015fe64 (webtiles) character file.

73 metalgear the Skirmisher (level 4, 0/29 HPs)
             Began as a Gargoyle Berserker on Apr 17, 2018.
             Was a Believer of Trog.
             Slain by an adder (3 damage)
             ... on level 2 of the Dungeon.
             The game lasted 00:03:41 (1055 turns).

metalgear the Skirmisher (Gargoyle Berserker)       Turns: 1055, Time: 00:03:41

Health: 0/29       AC:  9    Str: 21    XL:     4   Next: 27%
Magic:  4/4        EV: 11    Int:  8    God:    Trog [**....]
Gold:   66         SH:  0    Dex:  9    Spells: 3/3 levels left

rFire    . . .     SeeInvis .   a - +0 short sword
rCold    . . .     Gourm    .   (no shield)
rNeg     + . .     Faith    .   e - +0 ring mail
rPois    ∞         Spirit   .   (no helmet)
rElec    +         Reflect  .   (no cloak)
rCorr    .         Harm     .   (no gloves)
MR       .....                  (no boots)
Stlth    ..........             (no amulet)
HPRegen  0.09/turn              (no ring)
MPRegen  0.09/turn              (no ring)

@: berserk cooldown, slowed, very slow
A: negative energy resistance 1, electricity resistance, unbreathing,
petrification resistance, rot immunity, AC +3
a: Berserk, Trog's Hand, Burn Spellbooks, Renounce Religion


You were on level 2 of the Dungeon.
You worshipped Trog.
Trog was pleased with you.
You were near starving.

You visited 1 branch of the dungeon, and saw 2 of its levels.

You collected 66 gold pieces.

Inventory:

Hand Weapons
 a - a +0 short sword (weapon)
Armour
 b - a +0 animal skin
 e - a +0 ring mail (worn)
Scrolls
 f - 3 scrolls of identify {unknown}
 g - 2 scrolls of teleportation {unknown}
 h - a scroll of blinking {unknown}
Potions
 d - 4 potions of degeneration {unknown}
Comestibles
 c - 3 rations


   Skills:
 + Level 3.7 Fighting
 + Level 3.7 Short Blades
 + Level 2.9 Armour
 + Level 1.8 Dodging


You had 3 spell levels left.
You didn't know any spells.

Dungeon Overview and Level Annotations

Branches:
Dungeon (2/15)

Altars:


Innate Abilities, Weirdness & Mutations

You are resistant to torment.
Your stone body is resilient. (AC +3)
You are immune to poison.
You resist negative energy. (rN+)
You are resistant to electric shocks. (rElec)
You can survive without breathing.
You are immune to petrification.
You are immune to rotting.


Message History

You are near starving!
You hit the adder.
The adder is almost dead.
The adder bites you but does no damage. The goblin completely misses you.
You closely miss the adder.
The adder is almost dead.
The adder misses you. The goblin hits you but does no damage.
The adder bites you but does no damage.
You miss the adder.
The adder is almost dead.
The adder bites you but does no damage. The goblin completely misses you.
The adder bites you but does no damage. The goblin hits you but does no damage.
You closely miss the adder.
The adder is severely wounded.
The adder closely misses you. The goblin closely misses you.
The adder misses you.
You hit the adder but do no damage.
The adder is severely wounded.
The adder bites you.
You die...

......##......#
.......#......# .....
.......#......# .....
##.###.#......# ....
##.# #.#......# ...
.†.###.......####.###
....##.......#(.....
....##.......#...#
.....#.......#.S@#
...#.#.####'##(g)#
...'..)##......).#
...##.###......†.#
...##.# #.(.(...(#
...##.# #...(...##
......# ###.#####
###....# #.# ....#
#.#


You could see an adder and a goblin.

Vanquished Creatures
  Robin (D:2)
  An adder (D:2)
  A dart slug (D:1)
  3 leopard geckos
  A giant cockroach (D:1)
  8 goblins
  12 hobgoblins
  2 jackals (D:1)
  3 bats
  3 frilled lizards
  3 kobolds (D:1)
  7 rats
45 creatures vanquished.

Notes
Turn   | Place    | Note
-------+----------+-------------------------------------------
     0 | D:1      | metalgear the Gargoyle Berserker began the quest for the Orb.
     0 | D:1      | Reached XP level 1. HP: 14/14 MP: 1/1
   102 | D:1      | Reached XP level 2. HP: 13/19 MP: 2/2
   365 | D:1      | Reached XP level 3. HP: 12/23 MP: 3/3
   898 | D:2      | Reached ** piety under Trog
  1012 | D:2      | Noticed Robin
  1030 | D:2      | Reached XP level 4. HP: 19/29 MP: 4/4
  1034 | D:2      | Killed Robin
  1055 | D:2      | Slain by an adder

Skill      XL: |  1 |
---------------+----+-----
Short Blades   | 3 |  3.7
Fighting       | |  3.7
Armour         | |  2.9
Dodging        | |  1.8

Action                   |  1- 3 |  4- 6 || total
-------------------------+-------+-------++-------
Melee: Short sword       |   137 |    22 ||   159
Invok: Berserk           |     1 |       ||     1
Armor: Ring mail         |   114 |    41 ||   155
Dodge: Dodged            |   166 |    34 ||   200
